 Dungeon Crawl Stone Soup version 0.24-a0-22-g2a401c0 (console) character file.

Game seed: 16626281127747875324

39 Duffy the Shield-Bearer (level 3, -6/29 HPs)
             Began as a Formicid Fighter on Feb 1, 2019.
             Killed by divine providence
             ... invoked by an orc priest
              (9 damage)
             ... on level 3 of the Dungeon.
             The game lasted 00:00:28 (260 turns).

Duffy the Shield-Bearer (Formicid Fighter)           Turns: 260, Time: 00:00:29

Health: -6/29      AC:  6    Str: 20    XL:     3   Next: 67%
Magic:  3/3        EV:  8    Int:  7    God:
Gold:   23         SH:  9    Dex: 11    Spells: 2/2 levels left

rFire    . . .     SeeInvis +   a - +0 war axe
rCold    . . .     Gourm    .   c - +0 shield
rNeg     + . .     Faith    .   b - +0 scale mail
rPois    .         Spirit   .   (helmet unavailable)
rElec    .         Reflect  .   (no cloak)
rCorr    .         Harm     .   (no gloves)
MR       .....                  (no boots)
Stlth    ..........             (no amulet)
HPRegen  0.09/turn              e - ring of positive energy
MPRegen  0.08/turn              (no ring)

@: no status effects
A: permanent stasis, dig shafts and tunnels, four strong arms, antennae 3
a: Dig, Shaft Self


You were on level 3 of the Dungeon.
You were not hungry.

You visited 1 branch of the dungeon, and saw 3 of its levels.

You collected 23 gold pieces.

Inventory:

Hand Weapons
 a - a +0 war axe (weapon)
Armour
 b - a +0 scale mail (worn)
 c - a +0 shield (worn)
Jewellery
 e - a ring of positive energy (left hand)
Scrolls
 h - 3 scrolls of teleportation {unknown}
 i - a scroll of noise {unknown}
Potions
 d - a potion of might
Comestibles
 f - a ration


   Skills:
 - Level 3.2 Fighting
 + Level 3.0 Axes
 - Level 3.2 Armour
 + Level 4.5 Shields


You had 2 spell levels left.
You didn't know any spells.
Your spell library was empty.

Dungeon Overview and Level Annotations

Branches:
Dungeon (3/15)

Altars:


Innate Abilities, Weirdness & Mutations

You cannot be hasted, slowed, berserked, paralysed or teleported.
You can dig through walls and to a lower floor.
Your four strong arms can wield two-handed weapons with a shield.
You have a pair of large antennae on your head. (SInv)


Message History

You block the orc's attack.
You barely miss the orc.
The orc hits you with a +2 hand axe of flaming.
The orc burns you.
You barely miss the orc.
The orc hits you with a +2 hand axe of flaming.
The orc burns you.
You closely miss the orc.
The orc hits you with a +2 hand axe of flaming.
The orc burns you.
You slash the orc!
You kill the orc!
Your Axes skill increases to level 3!
You slash the goblin!
You kill the goblin!
You hit the orc priest but do no damage.
You block the orc priest's attack.
The orc priest calls down the wrath of Beogh upon you.
Beogh smites you!
You die...

###### .....# ###
.....## #@##
....... ##o#
......#
#####{####......#
#........'o.....#
##'########.....##
#....## ....>..
#.....# ...#.##
#.....# .### #
######.....# .#


You could see an orc priest.

Vanquished Creatures
  An orc priest (D:3)
  2 orcs (D:3)
  A giant cockroach (D:3)
  A goblin (D:3)
  A hobgoblin (D:1)
  A frilled lizard (D:2)
  A kobold (D:1)
  A rat (D:1)
9 creatures vanquished.

Notes
Turn   | Place    | Note
-------+----------+-------------------------------------------
     0 | D:1      | Duffy the Formicid Fighter began the quest for the Orb.
     0 | D:1      | Reached XP level 1. HP: 18/18 MP: 1/1
   235 | D:3      | Noticed an orc priest
   236 | D:3      | Noticed an orc priest
   248 | D:3      | Reached XP level 2. HP: 24/24 MP: 2/2
   253 | D:3      | Reached skill level 4 in Shields
   253 | D:3      | Reached XP level 3. HP: 11/29 MP: 3/3
   260 | D:3      | Killed from afar by an orc priest

Vault maps used:
D:1:      scummos_arrival_gate
D:3:      nemelex_altar_shiori, yredelemnul_altar_generic,
          nicolae_overflow_crystal_walls, serial_bayou_pond_a

Skill      XL: |  1  2  3 |
---------------+----------+-----
Shields        | 4 |  4.5
Axes           | 3 |  3.0
Fighting       | |  3.2
Armour         | |  3.2

Action                   || total
-------------------------++-------
Melee: War axe           ||    25
 Abil: Dig               ||     1
Armor: Scale mail        ||     6
Dodge: Dodged            ||     4
Block: Shield            ||     7

Table legend:
 A = Non-vault XP
 B = Vault XP
 C = Vault XP percentage of total XP
 D = Non-vault monster count
 E = Vault monster count
 F = Vault count percentage of total count
                 A         B        C        D         E       F
            +---------+---------+-------+---------+---------+-------
      Total |      56 |       0 |   0.0 |       9 |       0 |   0.0
            +---------+---------+-------+---------+---------+-------
        D:1 |       4 |       0 |   0.0 |       3 |       0 |   0.0
        D:2 |       1 |       0 |   0.0 |       1 |       0 |   0.0
        D:3 |      51 |       0 |   0.0 |       5 |       0 |   0.0
            +---------+---------+-------+---------+---------+-------
